 Dungeon Crawl Stone Soup version 0.28.0-45-g0d030f2227 (webtiles) character file.

Game seed: 5827341168803963568

38 zeratav the Caller (level 3, 0/19 HPs)
             Began as a Tengu Summoner on Apr 13, 2022.
             Succumbed to an adder's poison
             ... on level 2 of the Dungeon.
             The game lasted 00:03:45 (1496 turns).

zeratav the Caller (Tengu Summoner)                 Turns: 1496, Time: 00:03:46

Health: 0/19       AC:  2    Str:  8    XL:     3   Next: 43%
Magic:  5/9        EV: 12    Int: 17    God:
Gold:   38         SH:  0    Dex: 14    Spells: 8/9 levels left

rFire   . . .      SeeInvis .   c - +0 trident {polearm}
rCold   . . .      Faith    .   (no shield)
rNeg    . . .      Spirit   .   a - +0 robe
rPois   .          Reflect  .   (helmet restricted)
rElec   .          Harm     .   (no cloak)
rCorr   .          Rampage  .   (no gloves)
Will    .....                   (boots unavailable)
Stlth   ++........              (no amulet)
HPRegen 0.06/turn               (no ring)
MPRegen 0.11/turn               (no ring)

@: lethally poisoned (0 -> -1)
A: beak, talons 3
a: no special abilities


You were on level 2 of the Dungeon.
You visited 1 branch of the dungeon, and saw 2 of its levels.

You collected 38 gold pieces.


Innate Abilities, Weirdness & Mutations

You have a beak for a mouth.
You have claws for feet.


   Skills:
 - Level 2.1 Dodging
 - Level 2.0 Stealth
 + Level 3.5 Spellcasting
 - Level 4.8 Summonings


You had 8 spell levels left.
You knew the following spells:

 Your Spells              Type           Power      Damage    Failure   Level
a - Summon Small Mammal   Summ           76%        N/A       2%          1

Your spell library contained the following spells:

 Spells                   Type           Power      Damage    Failure   Level
 Call Imp                 Summ           19%        N/A       3%          2
 Call Canine Familiar     Summ           19%        N/A       7%          3
 Beastly Appendage        Tmut           4%         N/A       17%         1
 Summon Guardian Golem    Hex/Summ       11%        N/A       19%         3
 Wereblood                Tmut           2%         N/A       26%         2
 Spider Form              Tmut/Pois      2%         N/A       45%         3
 Summon Lightning Spire   Summ/Air       11%        N/A       52%         4

Inventory:

Hand Weapons
 b - a +0 vorpal hunting sling {sling}
   (You found it on level 1 of the Dungeon)
 c - a +0 trident (weapon) {polearm}
   (You found it on level 1 of the Dungeon)
Missiles
 g - 6 sling bullets
Armour
 a - a +0 robe (worn)
Scrolls
 e - a scroll of identify {unknown}
 f - a scroll of teleportation {unknown}
Potions
 d - a potion of heal wounds {unknown}

Dungeon Overview and Level Annotations

Branches:
Dungeon (2/15)

Altars:

###
#@#
#S#
#r#
#b#
..#
?..
..#
##.#


You could see an adder (ally target), a friendly bat (summoned) and a friendly
rat (summoned).


Message History

The dart slug bites your quokka but does no damage.
Your quokka bites the dart slug but does no damage.
You reach to attack!
You hit the dart slug.
You kill the dart slug!
MP[+1] No target in view!
Partly explored, can't reach some places.
MP[+2]
Your mp is fully restored (9).
Partly explored, can't reach some places.
Partly explored, can't reach some places.
(D) Dungeon
Where to? (Enter - D:2, ? - help)
Your quokka disappears in a puff of smoke!
There is an open gate here.
Your quokka disappears in a puff of smoke!
There is a stone staircase leading down here.
You climb downwards.
The adder hisses angrily.
There is a stone staircase leading up here.
An adder is nearby!
The adder bites your rat.
Your rat dies!
Your rat's corpse disappears in a puff of smoke!
MP[-1]
You lost 1 mp, and now have 8/9 mp.
MP[-1]
You lost 1 mp, and now have 7/9 mp.
What are your orders? t - Shout!
Orders for allies: a - Attack new target. r - Retreat! s - Stop attacking. g - Guard the area. f - Follow me.
Anything else - Cancel.
Gang up on whom?
Press: ? - help, Dir - move target, f - adder
Aim: an adder (ally target) Attack!
The adder bites your rat but does no damage.
Your rat closely misses the adder.
The adder bites your rat.
You could not reach far enough!
The adder completely misses your rat.
Your rat completely misses the adder.
You could not reach far enough!
The adder barely misses your rat.
Your rat closely misses the adder.
The adder misses your rat.
You could not reach far enough!
The adder bites your rat.
Your rat dies!
Your rat's corpse disappears in a puff of smoke!
You barely miss the adder. The adder closely misses you.
You closely miss the adder. The adder bites you.
You are poisoned.
The adder poisons you! The adder bites you.
HP[-8] MP[+1]
You take 8 damage, and now have 11/19 hp.
MASSIVE DAMAGE!! (PAUSE)
An adder is nearby!
You are too injured to fight recklessly!
You are too injured to fight recklessly!
Casting: Summon Small Mammal (safe; 2% risk of failure)
Confirm with . or Enter, or press ? or * to list all spells.
You feel sick. The adder bites you.
* * * LOW HITPOINT WARNING * * *
HP[-4] MP[-1]
You take 4 damage, and now have 7/19 hp.
MASSIVE DAMAGE!! (PAUSE)
You lost 1 mp, and now have 7/9 mp.
Casting: Summon Small Mammal (safe; 2% risk of failure)
Confirm with . or Enter, or press ? or * to list all spells.
Nothing appears to happen.
You feel sick.
Your bat hits the adder.
Your bat hits the adder but does no damage.
The adder barely misses your bat.
HP[-1] MP[-1]
You take 1 damage, and now have 6/19 hp.
You lost 1 mp, and now have 6/9 mp.
Casting: Summon Small Mammal (safe; 2% risk of failure)
Confirm with . or Enter, or press ? or * to list all spells.
You feel sick. The adder barely misses you. The adder closely misses you.
HP[-1] MP[-1]
You take 1 damage, and now have 5/19 hp.
You lost 1 mp, and now have 5/9 mp.
What are your orders? t - Shout!
Orders for allies: a - Attack new target. p - Attack previous target. r - Retreat! s - Stop attacking. g - Guard the area. f - Follow me.
Anything else - Cancel.
Gang up on whom?
Press: ? - help, Dir - move target, f/p - adder
Aim: an adder (lightly wounded, ally target) Attack!
You feel sick. The adder misses you.
Your rat bites the adder.
HP[-1]
You take 1 damage, and now have 4/19 hp.
You are too injured to fight recklessly!
You are too injured to fight recklessly!
You hit the adder.
You feel sick. The adder bites you.
* * * LOW HITPOINT WARNING * * *
Your rat barely misses the adder.
The adder completely misses you.
HP[-3]
You take 3 damage, and now have 1/19 hp.
You barely miss the adder. You claw the adder, but do no damage.
You die...

Skill      XL: |  1  2 |
---------------+-------+-----
Spellcasting   | 3 |  3.5
Dodging        | |  2.1
Stealth        | |  2.0
Summonings     | |  4.8

Action                   || total
-------------------------++-------
Melee: Kick              ||     8
       Unarmed           ||     3
       Peck              ||     1
       Trident           ||    28
 Fire: Hunting sling     ||    14
 Cast: Summon Small Mamm ||    43
 Stab: Sleeping          ||     1
Armor: Robe              ||    16
Dodge: Dodged            ||    33

Levels and vault maps discovered:
D:1:      kennysheep_arrival_seaside, layout_rooms,
          dilly_ecumenical_altar_fadedgnrine
D:2:      layout_basic, minmay_diced_spiral, uniq_jessica

Notes
Turn   | Place    | Note
-------+----------+-------------------------------------------
     0 | D:1      | zeratav the Tengu Summoner began the quest for the Orb.
     0 | D:1      | Reached XP level 1. HP: 10/10 MP: 4/4
     0 | D:1      | magus.rc [v1.9.6]
   101 | D:1      | Reached XP level 2. HP: 10/15 MP: 0/6
   418 | D:1      | Reached skill level 3 in Spellcasting
   423 | D:1      | HP: 1/15 [quokka (4)]
   745 | D:1      | Reached XP level 3. HP: 19/19 MP: 5/8
   809 | D:1      | HP: 3/19 [quokka (3)]
  1261 | D:1      | You pick up a book of Callings and begin reading...
  1370 | D:1      | Found a faded altar of an unknown god.
  1374 | D:1      | You pick up a book of Changes and begin reading...
  1374 | D:1      | You add the spells Beastly Appendage, Wereblood and Spider
                  | Form to your library.
  1494 | D:2      | HP: 4/19 [poisoned by an adder]
  1495 | D:2      | HP: 1/19 [adder (2)]
  1496 | D:2      | Succumbed to an adder's poison

Vanquished Creatures
  2 dart slugs (D:1)
  3 ball pythons (D:1)
  2 endoplasms (D:1)
  A giant cockroach (D:1)
  A goblin (D:1)
  A hobgoblin (D:1)
  A quokka (D:1)
  A bat (D:1)
  2 frilled lizards (D:1)
  A kobold (D:1)
  2 rats (D:1)
17 creatures vanquished.

Vanquished Creatures (collateral kills)
  5 endoplasms (D:1)
  A goblin (D:1)
  A hobgoblin (D:1)
  2 quokkas (D:1)
  2 ball pythons (D:1)
  2 frilled lizards (D:1)
  A rat (D:1)
14 creatures vanquished.

Vanquished Creatures (others)
  A plant (D:1)
1 creature vanquished.

Grand Total: 32 creatures vanquished

Table legend:
 A = Non-vault XP
 B = Vault XP
 C = Vault XP percentage of total XP
 D = Non-vault monster count
 E = Vault monster count
 F = Vault count percentage of total count
                 A         B        C        D         E       F
            +---------+---------+-------+---------+---------+-------
      Total |      55 |       0 |   0.0 |      31 |       0 |   0.0
            +---------+---------+-------+---------+---------+-------
        D:1 |      55 |       0 |   0.0 |      31 |       0 |   0.0
            +---------+---------+-------+---------+---------+-------

Illustrated notes

Table legend:
 A = Kills in this place as a percentage of kills in entire the game.
 B = Kills by you in this place as a percentage of kills by you in the entire game.
 C = Kills by friends in this place as a percentage of kills by friends in the entire game.
 D = Other kills in this place as a percentage of other kills in the entire game.
 E = Experience gained in this place as a percentage of experience gained in the entire game.
 F = Experience gained in this place divided by the number of levels of this place that you have seen.
                   A       B       C       D       E      F
               +-------+-------+-------+-------+-------+----------------------
         Total | 100.0 | 100.0 | 100.0 |   N/A | 100.0 |  27.5
       Dungeon | 100.0 | 100.0 | 100.0 |   N/A | 100.0 |  27.5
               +-------+-------+-------+-------+-------+----------------------

Table legend: (Time is in decaauts)
 A = Elapsed time spent in this place.
 B = Non-inter-level travel time spent in this place.
 C = Inter-level travel time spent in this place.
 D = Time resting spent in this place.
 E = Time spent auto-exploring this place.
 F = Levels seen in this place.
 G = Mean time per level.
                   A        B        C        D        E       F      G
               +--------+--------+--------+--------+--------+-----+--------+
         Total |   1509 |   1432 |     77 |    250 |    893 |   2 |  754.5 |
       Dungeon |   1509 |   1432 |     77 |    250 |    893 |   2 |  754.5 |
               +--------+--------+--------+--------+--------+-----+--------+

Top non-repeatable levels by time:
     D:1: 1493 daAuts
     D:2: 15 daAuts
